 Dungeon Crawl Stone Soup version 0.24.1-11-gbbbb2193e6 (webtiles) character file.

Game seed: 11699358058443103890, levelgen mode: deterministic

1887 Descartes the Skirmisher (level 8, -2/64 HPs)
             Began as a Demonspawn Wanderer on May 14, 2020.
             Was a Follower of Qazlal.
             Hit by a boomerang thrown by an orc warrior (17 damage)
             ... on level 6 of the Dungeon.
             The game lasted 00:21:56 (7191 turns).

Descartes the Skirmisher (Demonspawn Wanderer)      Turns: 7191, Time: 00:21:57

Health: -2/64      AC: 13    Str: 14    XL:     8   Next: 92%
Magic:  12/12      EV: 13    Int: 15    God:    Qazlal [*.....]
Gold:   205        SH:  8    Dex: 12    Spells: 1/13 levels left

rFire    + . .     SeeInvis .   y - +1 long sword
rCold    . . .     Gourm    .   N - +2 buckler
rNeg     . . .     Faith    .   q - +0 leather armour
rPois    .         Spirit   .   v - +1 helmet
rElec    .         Reflect  .   H - +0 cloak
rCorr    .         Harm     .   L - +0 pair of gloves
MR       .....                  (no boots)
Stlth    +.........             a - amulet of magic regeneration
HPRegen  0.20/turn              (no ring)
MPRegen  0.38/turn              F - ring of protection from fire

@: sanguine armour
A: hooves 2, demonic guardian 1, powered by death 1, sanguine armour 1
a: Renounce Religion


You were on level 6 of the Dungeon.
You worshipped Qazlal.
Qazlal was aware of your devotion.
You were hungry.

You visited 2 branches of the dungeon, and saw 7 of its levels.

You collected 205 gold pieces.

Inventory:

Hand Weapons
 y - a +1 long sword (weapon)
 B - a +0 great sword
Missiles
 j - 5 silver boomerangs
 k - 39 bolts
 n - 93 sling bullets
 o - 285 stones (quivered)
 u - 2 boomerangs
 E - 51 arrows
 I - 30 poisoned darts
Armour
 q - a +0 leather armour (worn)
 v - a +1 helmet (worn)
 H - a +0 cloak (worn)
 L - a +0 pair of gloves (worn)
 N - a +2 buckler (worn)
Jewellery
 a - an amulet of magic regeneration (around neck)
 F - a ring of protection from fire (right hand)
Wands
 d - a wand of polymorph (3)
 G - a wand of flame (9)
 J - a wand of iceblast (5)
 K - a wand of clouds (5)
Scrolls
 e - a scroll of random uselessness {unknown}
 g - 2 scrolls of fog {unknown}
 h - a scroll of magic mapping {unknown}
 i - a scroll of immolation
 l - a scroll of fear {unknown}
 m - 4 scrolls of remove curse
 p - 2 scrolls of enchant armour {unknown}
 w - a scroll of enchant weapon
 A - a scroll of amnesia
Potions
 b - 2 potions of degeneration
 c - 2 potions of agility
 r - 2 potions of flight {unknown}
 s - a potion of berserk rage {unknown}
 t - a potion of haste
 x - a potion of resistance {unknown}
 z - 2 potions of lignification
 C - a potion of brilliance {unknown}
 M - a potion of curing
Comestibles
 f - 9 rations


   Skills:
 + Level 6.0 Fighting
 - Level 1.0 Long Blades
 - Level 1.0 Throwing
 + Level 4.6 Dodging
 - Level 4.0 Shields
 + Level 3.3 Spellcasting
 + Level 3.3 Conjurations
 + Level 0.4 Hexes
 - Level 3.0 Summonings
 + Level 4.0 Necromancy
 + Level 3.1 Air Magic
 + Level 0.3 Earth Magic
 + Level 0.6 Invocations


You had one spell level left.
You knew the following spells:

 Your Spells              Type           Power        Failure   Level  Hunger
a - Magic Dart            Conj           ##..         6%          1    #......
b - Static Discharge      Conj/Air       ##......     21%         3    ###....
c - Borgnjor's Vile Clut  Necr/Erth      #.........   95%         5    ######.
d - Call Imp              Summ           ##......     11%         2    ##.....
e - Confusing Touch       Hex            #.....       22%         1    #......

Your spell library contained the following spells:

 Spells                   Type           Power        Failure   Level  Hunger
 Summon Small Mammal      Summ           ##..         8%          1    #......
 Call Canine Familiar     Summ           ##......     22%         3    ###....
 Summon Guardian Golem    Hex/Summ       #.......     36%         3    ###....
 Confuse                  Hex            #.......     54%         3    ###....
 Summon Lightning Spire   Summ/Air       ##......     56%         4    #####..
 Gell's Gravitas          Tloc           #.........   58%         3    ###....
 Ozocubu's Armour         Chrm/Ice       #.......     58%         3    ###....
 Dispel Undead            Necr           ##......     78%         5    ######.
 Summon Ice Beast         Ice/Summ       #.......     80%         4    #####..
 Petrify                  Tmut/Erth      #.......     93%         4    #####..
 Excruciating Wounds      Chrm/Necr      #.........   96%         5    ######.
 Metabolic Englaciation   Hex/Ice        #.........   99%         5    ######.
 Yara's Violent Unravell  Hex/Tmut       #.........   99%         5    ######.


Dungeon Overview and Level Annotations

Branches:
Dungeon (6/15)             Temple (1/1) D:4

Altars:
Ashenzari
Cheibriados
Dithmenos
Elyvilon
Fedhas
Gozag
Hepliaklqana
Kikubaaqudgha
Makhleb
Nemelex Xobeh
Qazlal
Sif Muna
Uskayaw
Vehumet
Wu Jian
Xom
Zin
The Shining One


Innate Abilities, Weirdness & Mutations

You have hoof-like feet.
A weak demonic guardian rushes to your aid.
You regenerate a little health from kills.
When seriously injured, your bleeding wounds create armour. (AC +6)


Message History

Your quasit barely misses the shadow imp.
Your quasit bites the shadow imp but does no damage.
Your quasit closely misses the shadow imp.
Your quasit claws the shadow imp.
You see here a +0 mace.
Your quasit bites the shadow imp but does no damage.
Your quasit closely misses the shadow imp.
Your quasit claws the shadow imp but does no damage.
The orc warrior throws a boomerang.
The boomerang barely misses your quasit.
The boomerang hits the shadow imp!
The shadow imp dies!
The weapon returns to the orc warrior!
The orc warrior hits your quasit with a +0 short sword!!
Your quasit dies!
Items here: )) [ ÷÷ a +0 falchion; a +0 robe; a +0 dagger; an orc skeleton x2
You see here a +0 shortbow.
The orc warrior throws a boomerang.
The boomerang hits you!
You die...

.# #. ##....# ..####.#......#
########## ..............#
#........# ..............#
#.....)..# .?...........#
##........# ............#
###...<.....# ......†....#
#####.†.......).# ......†...#
#.)@..##........#
.......)..####)######..#######
..........#.)..# #...##
..........o)#### ##.###
..........### ##..#
.......)..#######..##
....[.....##.))...##
..........##%######
.........##.#


You could see an orc warrior.

Vanquished Creatures
  The ghost of DungeonDestroyer the Shield-Bearer, a novice GnFi of Qazlal (D:5)
  4 ogres
  A bullfrog (D:6)
  A wyvern skeleton (D:6)
  A scorpion (D:6)
  3 killer bees (D:6)
  A howler monkey (D:6)
  A jelly (D:6)
  A bullfrog skeleton (D:5)
  An orc priest (D:5)
  3 orc wizards
  A centaur skeleton (D:5)
  Ijyb (D:5)
  Terence (D:2)
  2 worker ants
  A worker ant zombie (D:5)
  Robin (D:3)
  6 gnolls
  9 adders
  A shadow imp (D:5)
  3 oozes
  3 worms
  A dart slug (D:1)
  2 leopard geckos
  12 orcs
  6 bats
  2 giant cockroaches
  19 goblins
  12 hobgoblins
  13 jackals
  8 kobolds
  A quokka (D:5)
  A ball python (D:1)
  4 frilled lizards
  6 rats
134 creatures vanquished.

Vanquished Creatures (collateral kills)
  An orc warrior (D:6)
  A necrophage (D:6)
  An ogre (D:5)
  A phantom (D:4)
  A centaur (D:6)
  A scorpion (D:4)
  An orc wizard (D:6)
  An adder (D:4)
  A gnoll (D:6)
  6 orcs
  3 jackals (D:6)
18 creatures vanquished.

Vanquished Creatures (others)
  A shadow imp (D:6)
1 creature vanquished.

Grand Total: 153 creatures vanquished

Notes
Turn   | Place    | Note
-------+----------+-------------------------------------------
     0 | D:1      | Descartes the Demonspawn Wanderer began the quest for the
                  | Orb.
     0 | D:1      | Descartes set off with the following items: a +0 falchion,
                  | a +0 robe, a ration; and the following spells available to
                  | memorise: Summon Small Mammal, Call Imp, Call Canine
                  | Familiar, Magic Dart, Summon Guardian Golem, Static
                  | Discharge, Summon Ice Beast, Summon Lightning Spire
     0 | D:1      | Reached XP level 1. HP: 18/18 MP: 1/1
   418 | D:1      | Gained mutation: When seriously injured, your bleeding
                  | wounds create armour. (AC +6) [demonic ancestry]
   418 | D:1      | Reached XP level 2. HP: 24/24 MP: 2/2
   421 | D:1      | Learned a level 1 spell: Magic Dart
  1621 | D:2      | Gained mutation: You have large cloven feet. [demonic
                  | ancestry]
  1621 | D:2      | Reached XP level 3. HP: 22/29 MP: 4/4
  1659 | D:2      | Reached skill level 1 in Spellcasting
  1737 | D:2      | Reached skill level 1 in Conjurations
  1878 | D:2      | Noticed Terence
  1898 | D:2      | Killed Terence
  1898 | D:2      | Gained mutation: You regenerate a little health from kills.
                  | [demonic ancestry]
  1898 | D:2      | Reached XP level 4. HP: 15/37 MP: 4/6
  1925 | D:2      | Learned a level 3 spell: Static Discharge
  3099 | D:2      | Gained mutation: You have hoof-like feet. [demonic
                  | ancestry]
  3099 | D:2      | Reached XP level 5. HP: 30/42 MP: 7/7
  3191 | D:2      | Found an opulent altar of Gozag.
  3378 | D:2      | Found a white marble altar of Elyvilon.
  3385 | D:2      | Reached skill level 1 in Air Magic
  3680 | D:3      | Reached skill level 4 in Fighting
  3824 | D:3      | Noticed Robin
  3868 | D:3      | Killed Robin
  4141 | D:3      | Found a faded altar of an unknown god.
  4183 | D:3      | Gained mutation: A weak demonic guardian rushes to your
                  | aid. [demonic ancestry]
  4183 | D:3      | Reached XP level 6. HP: 42/48 MP: 9/9
  4580 | D:4      | Found a staircase to the Ecumenical Temple.
  4594 | D:4      | Identified Yshokk's Incunabulum of Glacial Black Secrets
  4602 | D:4      | Learned a level 5 spell: Borgnjor's Vile Clutch
  4731 | Temple   | Entered the Ecumenical Temple
  4895 | Temple   | Became a worshipper of Qazlal Stormbringer
  5229 | D:5      | Entered Level 5 of the Dungeon
  5244 | D:5      | Found a transporter.
  5293 | D:5      | Found a transporter.
  5387 | D:5      | Reached XP level 7. HP: 37/55 MP: 11/11
  5536 | D:5      | Found a large runed translucent door.
  5537 | D:5      | Found a large runed translucent door.
  5547 | D:5      | Noticed DungeonDestroyer's ghost (novice GnFi)
  5553 | D:5      | Learned a level 2 spell: Call Imp
  5575 | D:5      | Killed DungeonDestroyer's ghost
  5575 | D:5      | Reached skill level 1 in Necromancy
  5755 | D:5      | Found a sparkling altar of Nemelex Xobeh.
  5859 | D:5      | Noticed Ijyb
  5975 | D:5      | Killed Ijyb
  5975 | D:5      | Reached skill level 5 in Fighting
  6176 | D:5      | Reached XP level 8. HP: 45/62 MP: 12/12
  6920 | D:6      | Reached * piety under Qazlal
  7150 | D:6      | Learned a level 1 spell: Confusing Touch
  7157 | D:6      | Reached skill level 6 in Fighting
  7191 | D:6      | Hit by a boomerang thrown by an orc warrior

Levels and vault maps discovered:
D:1:      shiori_arrival_oz, layout_basic
D:2:      layout_loops_ring, overflow_temple_1_default, grunt_gozag_statues,
          uniq_terence
D:3:      layout_basic, chequers_ecumenical_altar_simple_redux, first_ration,
          uniq_robin
D:4:      layout_basic, minmay_temple_entry_purple_smoke
D:5:      gammafunk_wand_slinger, layout_loops_ring,
          ebering_ghost_disaster_area, nemelex_diamond_rough_becter, uniq_ijyb
D:6:      layout_rooms, trog_three_pillars_becter
Temple:   eino_temple_rhombus

Skill      XL: |  1  2  3  4  5  6  7  8 |
---------------+-------------------------+-----
Spellcasting   | 1 2 3 |  3.3
Conjurations   | 1 2 3 |  3.3
Dodging        | 2 3 4 |  4.6
Air Magic      | 1 2 3 |  3.1
Fighting       | 4 5 6 |  6.0
Shields        | 2 4 |  4.0
Necromancy     | 2 4 |  4.0
Long Blades    | |  1.0
Throwing       | |  1.0
Hexes          | |  0.4
Summonings     | |  3.0
Earth Magic    | |  0.3
Invocations    | |  0.6

Action                   |  1- 3 |  4- 6 |  7- 9 || total
-------------------------+-------+-------+-------++-------
Melee: Falchion          |    92 |   195 |       ||   287
       Kick              |    11 |    77 |    56 ||   144
       Long sword        |       |    42 |   168 ||   210
       Great sword       |       |    14 |       ||    14
 Cast: Call Imp          |       |       |     3 ||     3
  Use: Scroll            |       |       |     7 ||     7
  Eat: Chunk             |     3 |    10 |     4 ||    17
       Ration            |       |     1 |       ||     1
Armor: Robe              |    27 |    61 |       ||    88
       Leather armour    |       |     5 |    47 ||    52
Dodge: Dodged            |    52 |   189 |    97 ||   338
Block: Buckler           |       |     4 |    49 ||    53
       Rpst.: Falchion   |    20 |    37 |       ||    57
       Great sword       |       |     5 |       ||     5
       Long sword        |       |     4 |    29 ||    33
